[Event "Saint Louis Invitational-B 2019"]
[Site "Saint Louis"]
[Date "2019.11.22"]
[Round "2.1"]
[White "Proleiko, Julian"]
[Black "Arias Santana, Mauricio"]
[Result "1/2-1/2"]
[ECO "A43"]
[WhiteElo "2170"]
[BlackElo "2292"]
[Annotator "ChessBase"]
[PlyCount "77"]
[EventDate "2019.11.21"]
[EventType "tourn"]
[EventCountry "USA"]
[SourceTitle "playchess.com"]
[Source "ChessBase"]
[SourceQuality "1"]
[TimeControl "5400+30"]

1. d4 Nf6 2. Nf3 c5 3. d5 g6 4. Nc3 Bg7 5. e4 d6 6. Be2 O-O 7. O-O Bg4 8. Nd2 Bxe2 9. Qxe2 Nbd7 10. Nc4 Ne8 11. Bf4 f6 12. Bg3 Nc7 13. a4 Ne5 14. Nxe5 fxe5 15. Nd1 Qd7 16. Ne3 Ne8 17. f3 Nf6 18. Qb5 Qc8 19. Bh4 Bh6 20. Qe2 Rf7 21. Ng4 Bg7 22. Nxf6+ exf6 23. c3 f5 24. Bg5 Qd7 25. Qb5 Raf8 26. Qxd7 Rxd7 27. Be3 Rc8 28. Kf2 h5 29. Ke2 Kh7 30. g4 hxg4 31. fxg4 f4 32. Bf2 Bf6 33. h4 Bd8 34. Kf3 Ba5 35. g5 Kg7 36. Kg4 Rdd8 37. Rh1 Rh8 38. Rh3 c4 39. Rah1 1/2-1/2

[Event "Saint Louis Invitational-B 2019"]
[Site "Saint Louis"]
[Date "2019.11.22"]
[Round "2.2"]
[White "Grabinsky, Aaron"]
[Black "Gauri, Shankar"]
[Result "1/2-1/2"]
[ECO "C24"]
[WhiteElo "2338"]
[BlackElo "2340"]
[Annotator "ChessBase"]
[PlyCount "97"]
[EventDate "2019.11.21"]
[EventType "tourn"]
[EventCountry "USA"]
[SourceTitle "playchess.com"]
[Source "ChessBase"]
[SourceQuality "1"]
[TimeControl "5400+30"]

1. e4 e5 2. Bc4 Nf6 3. d3 Bc5 4. Nf3 d6 5. c3 O-O 6. O-O Bb6 7. Re1 Re8 8. Nbd2 Nbd7 9. Bb3 c6 10. Nf1 Nf8 11. Ng3 Be6 12. Bc2 h6 13. h3 c5 14. Nh4 d5 15. Qf3 d4 16. c4 Ng6 17. Nhf5 Bc7 18. Ba4 Rf8 19. Nf1 Bxf5 20. exf5 Nh4 21. Qxb7 Rb8 22. Qa6 Rb6 23. Qxa7 Qd6 24. Bb5 Nxf5 25. Qa4 Nh4 26. Qd1 Qe6 27. Ng3 Qc8 28. Ne4 Nxe4 29. Rxe4 Ng6 30. Re1 Qb7 31. Qe2 f5 32. Kh1 Nh4 33. f3 Rg6 34. Rg1 e4 35. dxe4 fxe4 36. Qxe4 Qxe4 37. fxe4 Rf2 38. Bd7 Rgxg2 39. Rxg2 Rxg2 40. Bg4 g6 41. Bxh6 Rh2+ 42. Kg1 Rg2+ 43. Kh1 Rh2+ 44. Kg1 Rg2+ 45. Kf1 Bg3 46. Bg5 Rf2+ 47. Kg1 Rg2+ 48. Kf1 Rf2+ 49. Kg1 1/2-1/2

[Event "Saint Louis Invitational-B 2019"]
[Site "Saint Louis"]
[Date "2019.11.22"]
[Round "2.3"]
[White "Cervantes Landeiro, Thalia"]
[Black "Polgar-Shutzman, Tom"]
[Result "1/2-1/2"]
[ECO "A41"]
[WhiteElo "2227"]
[BlackElo "2234"]
[Annotator "ChessBase"]
[PlyCount "84"]
[EventDate "2019.11.21"]
[EventType "tourn"]
[EventCountry "USA"]
[SourceTitle "playchess.com"]
[Source "ChessBase"]
[SourceQuality "1"]
[TimeControl "5400+30"]

1. d4 d6 2. c4 e5 3. d5 f5 4. e4 fxe4 5. Nc3 Nf6 6. Nge2 Be7 7. Ng3 O-O 8. Be2 a5 9. O-O Na6 10. Ncxe4 Nxe4 11. Nxe4 Bf5 12. Ng3 Bg6 13. Bd2 b6 14. a3 Nc5 15. b4 axb4 16. axb4 Rxa1 17. Qxa1 Nb3 18. Qb2 Nxd2 19. Qxd2 Bg5 20. Qa2 Bf4 21. Qa3 Qg5 22. Bd3 Bxg3 23. hxg3 e4 24. Be2 Qd2 25. Bg4 Qd4 26. Qe3 Qxe3 27. fxe3 Rxf1+ 28. Kxf1 Kf7 29. Ke2 Kf6 30. Kd2 Ke5 31. Kc3 b5 32. Be6 Be8 33. Bg8 Bh5 34. Bxh7 Be2 35. cxb5 Bxb5 36. Bg8 Bf1 37. Kb3 Bd3 38. Kc3 Bf1 39. Kb3 Bd3 40. Kc3 Be2 41. Kb3 Ba6 42. Kc3 Bd3 1/2-1/2

[Event "Saint Louis Invitational-B 2019"]
[Site "Saint Louis"]
[Date "2019.11.22"]
[Round "2.4"]
[White "Krykun, Yuriy"]
[Black "Stearman, Josiah"]
[Result "0-1"]
[ECO "A06"]
[WhiteElo "2382"]
[BlackElo "2341"]
[Annotator "ChessBase"]
[PlyCount "84"]
[EventDate "2019.11.21"]
[EventType "tourn"]
[EventCountry "USA"]
[SourceTitle "playchess.com"]
[Source "ChessBase"]
[SourceQuality "1"]
[TimeControl "5400+30"]

1. Nf3 d5 2. e3 Nf6 3. c4 c6 4. Nc3 Bf5 5. cxd5 Nxd5 6. d4 e6 7. Bd3 Qa5 8. Bxf5 Nxc3 9. bxc3 Qxf5 10. O-O Nd7 11. c4 Be7 12. Qb3 b5 13. a4 b4 14. a5 O-O 15. c5 Rab8 16. Bd2 Rb5 17. Qb1 Qxb1 18. Rfxb1 Rfb8 19. Rb3 e5 20. Kf1 e4 21. Ng1 f5 22. Ne2 Nf6 23. Ng3 g6 24. Ra4 Nd5 25. f3 Nc3 26. Ra1 exf3 27. gxf3 f4 28. exf4 Bf6 29. Be3 Nd5 30. Bf2 Rxc5 31. Ne4 Rc2 32. Nxf6+ Nxf6 33. d5 c5 34. d6 c4 35. Rbb1 b3 36. Bxa7 Rd8 37. Bb6 Rxd6 38. a6 Nd5 39. Bd4 Nc7 40. Be5 Rxa6 41. Rxa6 Nxa6 42. Rd1 b2 0-1

[Event "Saint Louis Invitational-B 2019"]
[Site "Saint Louis"]
[Date "2019.11.22"]
[Round "2.5"]
[White "Kiewra, Keaton"]
[Black "Torres Rosas, Luis Carlos"]
[Result "1-0"]
[ECO "E01"]
[WhiteElo "2372"]
[BlackElo "2360"]
[Annotator "ChessBase"]
[PlyCount "85"]
[EventDate "2019.11.21"]
[EventType "tourn"]
[EventCountry "USA"]
[SourceTitle "playchess.com"]
[Source "ChessBase"]
[SourceQuality "1"]
[TimeControl "5400+30"]

1. d4 Nf6 2. c4 e6 3. g3 d5 4. Bg2 Bb4+ 5. Bd2 Be7 6. Nf3 O-O 7. O-O Ne4 8. Bf4 Nd7 9. Nc3 Nxc3 10. bxc3 dxc4 11. Nd2 Nb6 12. e4 c5 13. Nf3 cxd4 14. cxd4 Bd7 15. a4 a5 16. d5 exd5 17. exd5 Bg4 18. h3 Bh5 19. g4 Nxd5 20. Bg3 Bg6 21. Ne5 Nc3 22. Qf3 Bb4 23. Qxb7 Ne2+ 24. Kh2 Nxg3 25. fxg3 Qd4 26. Nxg6 hxg6 27. Rad1 Bd2 28. Rf4 Qd3 29. Rf3 Qc2 30. Rdf1 Rab8 31. Qc7 Rbc8 32. Qb7 Rb8 33. Qc7 f6 34. R3f2 Qd3 35. Qc6 c3 36. Be4 Qd4 37. Bxg6 Rb6 38. Qf3 Re6 39. Bc2 Re5 40. h4 Qe3 41. Qd1 Be1 42. Rg2 Qc5 43. Rxe1 1-0

[Event "Saint Louis Invitational-B 2019"]
[Site "Saint Louis"]
[Date "2019.11.23"]
[Round "4.1"]
[White "Proleiko, Julian"]
[Black "Grabinsky, Aaron"]
[Result "0-1"]
[ECO "E15"]
[WhiteElo "2170"]
[BlackElo "2338"]
[Annotator "ChessBase"]
[PlyCount "87"]
[EventDate "2019.11.21"]
[EventType "tourn"]
[EventCountry "USA"]
[SourceTitle "playchess.com"]
[Source "ChessBase"]
[SourceQuality "1"]
[TimeControl "5400+30"]

1. d4 Nf6 2. c4 e6 3. Nf3 b6 4. g3 Ba6 5. Qc2 Bb7 6. Bg2 c5 7. d5 exd5 8. cxd5 Nxd5 9. O-O Be7 10. Rd1 Nc6 11. Qa4 Nf6 12. Nh4 O-O 13. Nf5 a6 14. Bg5 h6 15. Bh4 Kh7 16. Nc3 g5 17. Nd5 Nxd5 18. Bxd5 Bf6 19. Qe4 Qe8 20. Qg4 gxh4 21. Nd6 Qe5 22. f4 Qe3+ 23. Kh1 Rae8 24. Qf5+ Kg7 25. Qxd7 Nd4 26. Rxd4 Bxd5+ 27. Rxd5 Qxe2 28. Nxe8+ Rxe8 29. Qh3 Bxb2 30. Rad1 Bd4 31. Qf1 Qxa2 32. Qf3 Qe2 33. Qxe2 Rxe2 34. Rd6 Re6 35. Rd7 h3 36. f5 Re2 37. Rf1 a5 38. f6+ Bxf6 39. Rd6 Re6 40. Rxe6 fxe6 41. Rb1 a4 42. Rxb6 a3 43. Ra6 Bb2 44. Kg1 0-1

[Event "Saint Louis Invitational-B 2019"]
[Site "Saint Louis"]
[Date "2019.11.23"]
[Round "4.5"]
[White "Torres Rosas, Luis Carlos"]
[Black "Stearman, Josiah"]
[Result "1-0"]
[ECO "D15"]
[WhiteElo "2360"]
[BlackElo "2341"]
[Annotator "ChessBase"]
[PlyCount "57"]
[EventDate "2019.11.21"]
[EventType "tourn"]
[EventCountry "USA"]
[SourceTitle "playchess.com"]
[Source "ChessBase"]
[SourceQuality "1"]
[TimeControl "5400+30"]

1. d4 d5 2. c4 c6 3. Nf3 Nf6 4. Nc3 dxc4 5. e4 b5 6. Be2 b4 7. Na4 Nxe4 8. Bxc4 e6 9. O-O Bd6 10. Qe2 Nf6 11. Bg5 O-O 12. Nc5 h6 13. Bh4 g5 14. Bg3 Bxg3 15. fxg3 g4 16. Ne5 Qxd4+ 17. Kh1 Kg7 18. Ncd3 Qe4 19. Qf2 Qf5 20. Qd4 Qe4 21. Qd6 Nbd7 22. Rf4 Qe3 23. Raf1 c5 24. Qe7 h5 25. Nxd7 Nxd7 26. Rxf7+ Rxf7 27. Rxf7+ Kh6 28. Rh7+ Kg6 29. Qf7+ 1-0

[Event "Saint Louis Invitational-B 2019"]
[Site "Saint Louis"]
[Date "2019.11.24"]
[Round "7.4"]
[White "Grabinsky, Aaron"]
[Black "Kiewra, Keaton"]
[Result "1-0"]
[ECO "A01"]
[WhiteElo "2338"]
[BlackElo "2372"]
[Annotator "RC"]
[PlyCount "177"]
[EventDate "2019.11.21"]
[EventType "tourn"]
[EventCountry "USA"]
[SourceTitle "playchess.com"]
[Source "ChessBase"]
[SourceQuality "1"]
[TimeControl "5400+30"]

1. b3 e5 2. Bb2 Nc6 3. e3 Nf6 4. Nf3 e4 5. Nd4 Bc5 6. Nxc6 dxc6 7. d3 Bf5 8. Be2 Qe7 9. d4 O-O-O 10. a3 h5 11. b4 Bd6 12. h3 Rh6 13. c4 Qe6 14. Qa4 Kb8 15. Nc3 Rg6 16. Bf1 Be7 17. O-O-O a6 18. Kb1 Nd7 19. Qb3 b5 20. d5 cxd5 21. cxb5 Ne5 22. Ne2 Nd3 23. Nd4 Qd7 24. Nc6+ Rxc6 25. bxc6 Qxc6 26. Bxd3 exd3 27. Rd2 Qc4 28. Qa4 Qb5 29. Qxb5+ axb5 30. Bd4 Kb7 31. Kb2 h4 32. Ra1 Rd6 33. Rc1 Rg6 34. Be5 c6 35. f3 Bg5 36. Bd4 Re6 37. Re1 g6 38. Kc3 Bf4 39. Ra2 Bb8 40. a4 Re8 41. Kd2 Bd6 42. Bc5 Bg3 43. Rea1 Be5 44. Rb1 Ra8 45. a5 Ka6 46. Re1 Re8 47. Ra3 Re6 48. Rb3 Bf6 49. Rbb1 Bg7 50. Rf1 Bh6 51. Rbe1 Bg5 52. Kc3 Bf6+ 53. Bd4 Be7 54. Rb1 Bg5 55. Kd2 Be7 56. Rfc1 Bf8 57. Rb3 Be7 58. Kd1 Kb7 59. Rbc3 Bxb4 60. a6+ Kxa6 61. Rxc6+ Rxc6 62. Rxc6+ Ka5 63. Rc7 Ka4 64. Bb2 d2 65. Bc3 Bxc3 66. Rxc3 b4 67. Rc7 b3 68. Ra7+ Kb4 69. Kxd2 b2 70. Rb7+ Ka3 71. Kc3 b1=N+ 72. Kd4 Nd2 73. Rxf7 Kb2 74. Kxd5 Bd3 75. Rf4 Nf1 76. Kd4 Kc2 77. Rxh4 Kd2 78. e4 Ne3 79. g4 Nc2+ 80. Ke5 Ke3 81. Rh6 Ne1 82. Kf6 Nxf3 83. e5 Kf4 84. e6 g5 85. e7 Bb5 86. Rh8 Ng1 87. h4 gxh4 88. g5 Nf3 89. g6 1-0

[Event "Saint Louis Invitational-B 2019"]
[Site "Saint Louis"]
[Date "2019.11.26"]
[Round "9.1"]
[White "Shankar, Gauri"]
[Black "Proleiko, Julian"]
[Result "1-0"]
[ECO "A04"]
[WhiteElo "2340"]
[BlackElo "2170"]
[Annotator "RC"]
[PlyCount "131"]
[EventDate "2019.11.21"]
[EventType "tourn"]
[EventCountry "USA"]
[SourceTitle "playchess.com"]
[Source "ChessBase"]
[SourceQuality "1"]
[TimeControl "5400+30"]

1. Nf3 g6 2. e4 d6 3. d4 Nf6 4. Bd3 Bg7 5. O-O O-O 6. Re1 Nbd7 7. c3 e5 8. Bg5 h6 9. Bh4 Qe8 10. Nbd2 Nh5 11. Bf1 g5 12. Bg3 Nf4 13. Nc4 Qe7 14. Ne3 Nf6 15. Qc2 Re8 16. dxe5 dxe5 17. Rad1 Qc5 18. a4 a5 19. Nd2 Ng4 20. Nf5 Be6 21. h3 Nf6 22. b3 Rad8 23. Nc4 Bxf5 24. exf5 e4 25. Ne3 Rxd1 26. Rxd1 N4d5 27. Nxd5 Nxd5 28. Bc4 c6 29. Bh2 Nxc3 30. Rd7 Nd5 31. Bg3 Bd4 32. Kh2 Be5 33. Qe2 Bxg3+ 34. fxg3 Re7 35. Rd8+ Kg7 36. Qb2+ Nf6 37. Rg8+ Kxg8 38. Qxf6 Qe5 39. Qg6+ Qg7 40. f6 Qxg6 41. fxe7 Qf5 42. e8=Q+ Kg7 43. Qd8 h5 44. Qd4+ Kh7 45. Kg1 Kg6 46. Be2 h4 47. Bh5+ Kh7 48. Qf2 Qxf2+ 49. Kxf2 hxg3+ 50. Kxg3 f5 51. Be8 Kg7 52. Bd7 Kf6 53. Bc8 b5 54. Kf2 Ke5 55. axb5 cxb5 56. Bd7 b4 57. g3 Kf6 58. h4 gxh4 59. gxh4 f4 60. Bc6 Kf5 61. Ke2 a4 62. Bxa4 Kg4 63. Bc6 e3 64. Bb5 Kxh4 65. Kf3 Kg5 66. Bd3 1-0

[Event "Saint Louis Invitational-B 2019"]
[Site "Saint Louis"]
[Date "2019.11.26"]
[Round "9.2"]
[White "Arias Santana, Mauricio"]
[Black "Polgar-Shutzman, Tom"]
[Result "0-1"]
[ECO "C65"]
[WhiteElo "2292"]
[BlackElo "2234"]
[Annotator "RC"]
[PlyCount "54"]
[EventDate "2019.11.21"]
[EventType "tourn"]
[EventCountry "USA"]
[SourceTitle "playchess.com"]
[Source "ChessBase"]
[SourceQuality "1"]
[TimeControl "5400+30"]

1. e4 e5 2. Nf3 Nc6 3. Bb5 Nf6 4. d3 Bc5 5. c3 O-O 6. O-O d6 7. Nbd2 Ne7 8. d4 exd4 9. cxd4 Bb6 10. Re1 Bg4 11. Qc2 Bh5 12. b3 Bg6 13. Bd3 Nc6 14. d5 Nb4 15. Qc4 Nxd3 16. Qxd3 Ng4 17. Re2 f5 18. Bb2 fxe4 19. Nxe4 Nxf2 20. Rxf2 Bxf2+ 21. Kxf2 Qh4+ 22. Ke3 Qf4+ 23. Kd4 Rae8 24. Re1 Bxe4 25. Rxe4 Rxe4+ 26. Qxe4 Qf6+ 27. Kd3 Qxb2 {[%emt 0:00:13] Kd4} 0-1